 Dungeon Crawl Stone Soup version bcrawl-1.27.3 (webtiles) character file.

Game seed: 4826286595325532915

130929 MisterOstroum the Skirmisher (level 2, 0/33 HPs)
             Began as an Ogre Berserker on Aug 7, 2020.
             Was a Follower of Trog.
             Slain by a kobold (4 damage)
             ... on level 1 of the Dungeon.
             The game lasted 00:00:36 (146 turns).

MisterOstroum the Skirmisher (Ogre Berserker)        Turns: 146, Time: 00:00:36

Health: 0/33       AC:  3    Str: 17    XL:     2   Next: 41%
Magic:  2/2        EV: 10    Int:  8    God:    Trog [*.....]
Gold:   33         SH:  0    Dex:  8    Spells: 1/1 levels left

rFire    x . .     SeeInvis .   a - +0 mace
rCold    + . .     Gourm    .   (no shield)
rNeg     . . .     Faith    .   b - +0 animal skin
rPois    .         Spirit   .   (helmet restricted)
rElec    .         Reflect  .   (no cloak)
rCorr    .         Harm     .   (gloves unavailable)
MR       .....                  (boots unavailable)
Stlth    +.........             (no amulet)
HPRegen  0.11/turn              j - ring "Wonih" {Ice +Inv +Fly Str-3} (curse)
MPRegen  0.08/turn              (no ring)

@: berserk cooldown, slowed, very slow
A: large, unfitting armour, tough skin 1
a: Berserk, Renounce Religion, Evoke Invisibility, Evoke Flight


You were on level 1 of the Dungeon.
You worshipped Trog.
Trog was aware of your devotion.
You were not hungry.

You visited 1 branch of the dungeon, and saw 1 of its levels.

You collected 33 gold pieces.

Inventory:

Hand Weapons
 a - a +0 mace (weapon)
Missiles
 d - 109 bolts
Armour
 b - a +0 animal skin (worn)
Jewellery
 j - the cursed ring "Wonih" (left hand) {Ice +Inv +Fly Str-3}
   (You found it on level 1 of the Dungeon)

   [ring of ice]

   It enhances your ice magic.
   It affects your strength (-3).
   It makes you vulnerable to fire.
   It protects you from cold.
   It lets you turn invisible.
   It lets you fly.
   It has a curse placed upon it.
Scrolls
 c - a scroll of amnesia {unknown}
 g - a scroll of fog {unknown}
 i - a scroll of remove curse {unknown}
Potions
 h - a potion of curing {unknown}
Comestibles
 e - a ration {!d}
 f - 4 chunks of flesh


   Skills:
 + Level 4.3 Fighting
 * Level 4.3 Maces & Flails
 - Level 2.6 Dodging


You had one spell level left.
You didn't know any spells.
Your spell library was empty.

Dungeon Overview and Level Annotations

Branches:
Dungeon (1/12)

Altars:


Innate Abilities, Weirdness & Mutations

You are too large for most types of armour.
You have tough skin. (AC +1)


Message History

You hit the quokka but do no damage. The quokka completely misses you.
The quokka bites you.
You hit the quokka.
The quokka is moderately wounded.
The quokka bites you.
You closely miss the quokka.
The quokka is moderately wounded.
The quokka barely misses you. The quokka closely misses you.
You hit the quokka.
The quokka is heavily wounded.
The quokka bites you.
You are too injured to fight recklessly!
You are too injured to fight recklessly!
You are too injured to fight recklessly!
You are too injured to fight recklessly!
You are too injured to fight recklessly!
You are too injured to fight recklessly!
You are too injured to fight recklessly!
You are too injured to fight recklessly!
You are too injured to fight recklessly!
A quokka is nearby!
A quokka is nearby!
You are too injured to fight recklessly!
You barely miss the quokka.
The quokka is heavily wounded.
The quokka barely misses you.
The quokka twitches its whiskers.
The quokka bites you.
You sock the quokka!
You kill the quokka!
Trog accepts your kill.
Your Maces & Flails skill increases to level 4!
A jackal and a dart slug come into view.
The jackal barks!
You hear a bark!
You hear a shout!
The dart slug launches a dart at you. The slug dart hits you.
* * * LOW HITPOINT WARNING * * *
A jackal comes into view.
A kobold comes into view. It is wielding a +0 dagger.
A red film seems to cover your vision as you go berserk!
You feel yourself moving faster!
You feel mighty!
You feel quite a bit more hungry.
The kobold shouts!
A jackal comes into view.
The jackal barks!
You sock the jackal!
You kill the jackal!
Trog accepts your kill.
You have reached level 2!
You barely miss the kobold. The kobold hits you with a +0 dagger.
* * * LOW HITPOINT WARNING * * *
Unknown command.
You sock the dart slug!
The dart slug is almost dead.
The kobold hits you with a +0 dagger.
* * * LOW HITPOINT WARNING * * *
You bludgeon the dart slug!!
You kill the dart slug!
Trog accepts your kill. The kobold hits you with a +0 dagger.
* * * LOW HITPOINT WARNING * * *
You closely miss the kobold. You thump the kobold!
You kill the kobold!
Trog accepts your kill. The jackal bites you.
* * * LOW HITPOINT WARNING * * *
You closely miss the jackal. The jackal bites you.
* * * LOW HITPOINT WARNING * * *
You barely miss the jackal. The jackal closely misses you.
You barely miss the jackal. The jackal bites you.
* * * LOW HITPOINT WARNING * * *
A kobold comes into view.
You sock the jackal!
You kill the jackal!
Trog accepts your kill.
You closely miss the jackal.
The jackal bites you but does no damage.
Unknown command.
You hit the jackal.
The jackal is severely wounded.
The jackal barely misses you.
You closely miss the jackal.
The jackal is severely wounded.
The jackal bites you but does no damage.
You bludgeon the jackal!!
You kill the jackal!
Trog accepts your kill.
The kobold throws a stone.
The stone barely misses you.
The kobold throws a stone.
The stone barely misses you.
Things that are here:
a jackal corpse; a dart slug corpse; a jackal corpse You feel a strong urge to attack something.
You are no longer berserk.
You are exhausted.
You feel yourself slow down.
The kobold throws a stone.
The stone hits you but does no damage.
A goblin comes into view. It is wielding a +0 club.
The kobold hits you.
You die...

##. ... ## ..# ..
#.# ###### ##.
#.# ..?..#. ..
#.## ....... #.
#..##)....# #.##
g..####..†......#
#..#
......K@.##.....#
#.# ..(#####.#
.....# ####.# #.#
###### #..... #.#
##.##.#
#.#########..##..
#.#[.......÷#####
#..........## ##
###........# #.
#........# ##.


You could see a goblin and a kobold.

Vanquished Creatures
  A dart slug (D:1)
  3 bats (D:1)
  A goblin (D:1)
  3 jackals (D:1)
  A quokka (D:1)
  A kobold (D:1)
  A rat (D:1)
11 creatures vanquished.

Notes
Turn   | Place    | Note
-------+----------+-------------------------------------------
     0 | D:1      | MisterOstroum the Ogre Berserker began the quest for the
                  | Orb.
     0 | D:1      | Reached XP level 1. HP: 24/24 MP: 1/1
   111 | D:1      | Got a brightly glowing glass ring
   115 | D:1      | Identified the cursed ring "Wonih" {Ice +Inv +Fly Str-3}
                  | (You found it on level 1 of the Dungeon)
   130 | D:1      | Reached XP level 2. HP: 12/32 MP: 2/2
   146 | D:1      | Slain by a kobold

Skill      XL: |  1 |
---------------+----+-----
Maces & Flails | 4 |  4.3
Fighting       | |  4.3
Dodging        | |  2.6

Action                   || total
-------------------------++-------
Melee: Mace              ||    43
Invok: Berserk           ||     1
Armor: Animal skin       ||    23
Dodge: Dodged            ||    32
